 Dungeon Sprint DCSS version 0.28-a0-1412-gf95308ed99 (webtiles) character file.

Game seed: 4374967505721883830

300 jt the Cleaver (level 6, -5/38 HPs)
             Began as a Gargoyle Fighter on Jan 6, 2022.
             Slain by a yak (7 damage)
             ... in the Dungeon (Sprint I: "Red Sonja").
             The game lasted 00:01:01 (677 turns).

jt the Cleaver (Gargoyle Fighter)                    Turns: 677, Time: 00:01:02

Health: -5/38      AC: 13    Str: 22    XL:     6   Next: 36%
Magic:  6/6        EV:  7    Int:  8    God:
Gold:   326        SH:  4    Dex:  9    Spells: 5/5 levels left

rFire   . . .      SeeInvis .   a - +0 war axe
rCold   . . .      Faith    .   c - +0 buckler
rNeg    + . .      Spirit   .   m - +0 chain mail
rPois   ∞          Reflect  .   (no helmet)
rElec   +          Harm     .   (no cloak)
rCorr   .          Rampage  .   (no gloves)
Will    .....      NoTele   +   (no boots)
Stlth   ..........              (no amulet)
HPRegen 0.12/turn               (no ring)
MPRegen 0.10/turn               (no ring)

@: no status effects
A: sickness immunity, AC +4, negative energy resistance 1, electricity
resistance, torment resistance 1, petrification resistance
a: no special abilities


You were in the Dungeon.
You visited 1 branch You collected 326 gold pieces.

Inventory:

Hand Weapons
 a - a +0 war axe (weapon)
 l - a +0 scythe
Armour
 b - a +0 scale mail
 c - a +0 buckler (worn)
 m - a +0 chain mail (worn)
Wands
 d - a wand of digging (4)
 i - a wand of polymorph (8)
Scrolls
 j - a scroll of blinking
Potions
 e - a potion of curing
 f - a potion of heal wounds
 g - a potion of haste
 h - 2 potions of magic
 k - a potion of degeneration {unknown}


   Skills:
 + Level 3.6 Fighting
 + Level 11.6 Axes
 + Level 3.6 Armour
 + Level 3.6 Shields
 + Level 1.0 Evocations


You had 5 spell levels left.
You didn't know any spells.
Your spell library was empty.

Dungeon Overview and Level Annotations

Branches:
Dungeon (1/1)

Altars:
Cheibriados
Dithmenos
Gozag
Hepliaklqana
Kikubaaqudgha
Ru
Sif Muna
Uskayaw
Vehumet
Wu Jian
Yredelemnul

Shops:
D (


Innate Abilities, Weirdness & Mutations

You are immune to sickness and miasma.
Your stone body is resilient. (AC +4)
You are immune to poison.
You resist negative energy. (rN+)
You are resistant to electric shocks. (rElec)
You are resistant to unholy torment.
You are immune to petrification.


Message History

You now have 218 gold pieces (gained 27).
You now have 245 gold pieces (gained 27).
You now have 272 gold pieces (gained 27).
You now have 299 gold pieces (gained 27).
You now have 326 gold pieces (gained 27).
You start resting.
HP restored.
There is an open door here.
As you open the door, it creaks loudly!
A yak comes into view.
Found Duim's Weapon Emporium.
Found eight altars.
You hit the yak but do no damage. The yak gores you!
You hit the yak.
The yak is lightly wounded.
The yak gores you.
You slash the yak!
The yak is moderately wounded.
You block the yak's attack.
You hit the yak.
The yak is moderately wounded.
You slash the yak!
The yak is heavily wounded.
The yak gores you.
You closely miss the yak.
The yak is heavily wounded.
The yak barely misses you.
You slash the yak!
The yak is severely wounded.
The yak gores you!
You are too injured to fight recklessly!
You are too injured to fight recklessly!
You are too injured to fight recklessly!
You barely miss the yak.
The yak is severely wounded.
The yak gores you!
* * * LOW HITPOINT WARNING * * *
You hit the yak.
The yak is almost dead.
The yak gores you!
You die...

################
#<.#..)..#.['..#
#..').#..'..#..+
#..#####'#####'#
#..# #..#...#.#
#..# ####..##.#
#..# ##@#_.+
#⌠⌠#_.∩...Y..._#
####_..__##_.#'#


____ ##+#.# ### ### You could see a yak.

Vanquished Creatures
  Sigmund (D)
  An ogre (D)
  A jelly (D)
  Ijyb (D)
4 creatures vanquished.

Notes
Turn   | Place    | Note
-------+----------+-------------------------------------------
     0 | D        | jt the Gargoyle Fighter began the quest for the Orb.
     0 | D        | Reached XP level 1. HP: 14/14 MP: 1/1
     2 | D        | Noticed Ijyb
    16 | D        | HP: 1/21 [Ijyb (7)]
    19 | D        | Killed Ijyb
    20 | D        | Reached skill level 5 in Axes
    20 | D        | Reached XP level 2. HP: 1/19 MP: 2/2
    20 | D        | Reached XP level 3. HP: 1/23 MP: 3/3
   326 | D        | Noticed an ogre
   331 | D        | Killed an ogre
   332 | D        | Reached skill level 8 in Axes
   332 | D        | Reached XP level 4. HP: 28/28 MP: 4/4
   336 | D        | Noticed Sigmund
   340 | D        | Killed Sigmund
   341 | D        | Reached skill level 11 in Axes
   341 | D        | Reached XP level 5. HP: 12/32 MP: 5/5
   341 | D        | Reached XP level 6. HP: 14/37 MP: 6/6
   544 | D        | Found a shimmering blue altar of Sif Muna.
   545 | D        | Found an ornate altar of the Wu Jian Council.
   546 | D        | Found a radiant altar of Vehumet.
   551 | D        | Reached skill level 1 in Evocations
   668 | D        | Found Duim's Weapon Emporium.
   668 | D        | Found an ancient bone altar of Kikubaaqudgha.
   668 | D        | Found a hazy altar of Hepliaklqana.
   668 | D        | Found a hide-covered altar of Uskayaw.
   668 | D        | Found a basalt altar of Yredelemnul.
   668 | D        | Found an opulent altar of Gozag.
   668 | D        | Found a snail-covered altar of Cheibriados.
   668 | D        | Found a sacrificial altar of Ru.
   668 | D        | Found a shadowy altar of Dithmenos.
   668 | D        | Noticed a yak
   677 | D        | Slain by a yak

Illustrated notes

Levels and vault maps discovered:
D:        dungeon_sprint_1 [red_sonja_temple_1, red_sonja_temple_small_1]

Skill      XL: |  1  2  3  4  5  6 |
---------------+-------------------+-----
Axes           | 5 8 11 | 11.6
Evocations     | 1 |  1.0
Fighting       | |  3.6
Armour         | |  3.6
Shields        | |  3.6

Action                   |  1- 3 |  4- 6 || total
-------------------------+-------+-------++-------
Melee: Unarmed           |    13 |       ||    13
       War axe           |     7 |    15 ||    22
Evoke: Wand              |     1 |       ||     1
  Use: Potion            |     2 |       ||     2
Dodge: Dodged            |     9 |     2 ||    11
Block: Buckler           |     1 |     1 ||     2

Table legend: (Time is in decaauts)
 A = Elapsed time spent in this place.
 B = Non-inter-level travel time spent in this place.
 C = Inter-level travel time spent in this place.
 D = Time resting spent in this place.
 E = Time spent auto-exploring this place.
 F = Levels seen in this place.
 G = Mean time per level.
                   A        B        C        D        E       F      G
               +--------+--------+--------+--------+--------+-----+--------+
         Total |    685 |    685 |      0 |    562 |      0 |   1 |  685.0 |
       Dungeon |    685 |    685 |      0 |    562 |      0 |   1 |  685.0 |
               +--------+--------+--------+--------+--------+-----+--------+

Top non-repeatable levels by time:
       D: 685 daAuts
